 Dungeon Crawl Stone Soup version 0.22-a0-355-g201945fe43 (webtiles) character file.

9 KleinerIrrer the Stinger (level 2, 0/22 HPs)
             Began as a Naga Venom Mage on Apr 18, 2018.
             Slain by a jackal (2 damage)
             ... on level 1 of the Dungeon.
             The game lasted 00:00:54 (151 turns).

KleinerIrrer the Stinger (Naga Venom Mage)           Turns: 151, Time: 00:00:55

Health: 0/22       AC:  1    Str: 10    XL:     2   Next: 12%
Magic:  0/5        EV: 10    Int: 15    God:
Gold:   21         SH:  0    Dex: 11    Spells: 4/5 levels left

rFire    + . .     SeeInvis +   d - +0 club
rCold    . . .     Gourm    .   (no shield)
rNeg     . . .     Faith    .   a - +0 robe
rPois    +         Spirit   .   (no helmet)
rElec    .         Reflect  .   (no cloak)
rCorr    .         Harm     .   (no gloves)
MR       .....                  (no barding)
Stlth    ++........             (no amulet)
HPRegen  0.07/turn              g - ring of protection from fire
MPRegen  0.09/turn              (no ring)

@: very slightly contaminated, very slow
A: large, see invisible, deformed body, poison resistance, slowness 2, slow
metabolism 1, spit poison 1, AC +0
a: Spit Poison


You were on level 1 of the Dungeon.
You were not hungry.

You visited 1 branch of the dungeon, and saw 1 of its levels.

You collected 21 gold pieces.

Inventory:

Hand Weapons
 d - a +0 club (weapon)
Armour
 a - a +0 robe (worn)
Jewellery
 g - a ring of protection from fire (left hand)
Scrolls
 b - a scroll of blinking {unknown}
 e - 3 scrolls of fog {unknown}
Comestibles
 c - a ration
 f - a chunk of flesh


   Skills:
 - Level 1.5 Dodging
 + Level 3.3 Stealth
 + Level 2.1 Spellcasting
 + Level 1.3 Conjurations
 + Level 4.2 Poison Magic


You had 4 spell levels left.
You knew the following spells:

 Your Spells              Type           Power        Failure   Level  Hunger
a - Sting                 Conj/Pois      #...         7%          1    #......


Dungeon Overview and Level Annotations

Branches:
Dungeon (1/15)

Altars:


Innate Abilities, Weirdness & Mutations

You cannot wear boots.
Your serpentine skin is tough. (AC +0)
You have supernaturally acute eyesight. (SInv)
Armour fits poorly on your strangely shaped body.
Your system is resistant to poisons. (rPois)
You cover ground very slowly.
You have a slow metabolism.
You can spit poison.


Message History

The jackal is lightly wounded.
The jackal barely misses you. The jackal bites you.
Casting: Sting (safe; 7% risk of failure)
Confirm with . or Enter, or press ? or * to list all spells.
Aiming: Sting (safe; 7% risk of failure)
Press: ? - help, Shift-Dir - straight line, f/p - jackal
Aim: a jackal (lightly wounded)
The sting hits the jackal.
The jackal appears unharmed.
The jackal is lightly wounded.
The jackal bites you.
* * * LOW HITPOINT WARNING * * *
The jackal bites you.
* * * LOW HITPOINT WARNING * * *
You hit the jackal but do no damage.
You have got your breath back.
The jackal bites you.
* * * LOW HITPOINT WARNING * * *
You barely miss the jackal. The jackal barely misses you. x2
You barely miss the jackal. The jackal bites you.
You die...

...## ....##
.....# .....##
##...#...
#........ #....#
#h# ####### #@#
#.....#
####.#######.....#
#................#
#.##.##..###.....#
# #......##.....#
####.........##
###....##...#
.......##.###
###......#####


You could see a jackal.

Vanquished Creatures
  A dart slug (D:1)
  A giant cockroach (D:1)
  A goblin (D:1)
  2 jackals (D:1)
  A rat (D:1)
6 creatures vanquished.

Notes
Turn   | Place    | Note
-------+----------+-------------------------------------------
     0 | D:1      | KleinerIrrer the Naga Venom Mage began the quest for the Orb.
     0 | D:1      | Reached XP level 1. HP: 15/15 MP: 3/3
   137 | D:1      | Reached XP level 2. HP: 14/22 MP: 5/5
   151 | D:1      | Slain by a jackal

Vault maps used:
D:1:      wheals_arrival_shading

Action                   || total
-------------------------++-------
Melee: Club              ||     9
 Cast: Sting             ||     9
 Abil: Spit Poison       ||     2
Armor: Robe              ||     3
Dodge: Dodged            ||    12

Table legend:
 A = Spawn XP
 B = Non-spawn XP
 C = Spawn XP percentage of total XP
 D = Spawn monster count
 E = Non-spawn monster count
 F = Spawn count percentage of total count
 G = Total turns spent on level
                    A         B        C        D         E        F      G
               +---------+---------+-------+---------+---------+-------+---------
         Total |       0 |      13 |   0.0 |       0 |       6 |   0.0 |   151
               +---------+---------+-------+---------+---------+-------+---------
           D:1 |       0 |      13 |   0.0 |       0 |       6 |   0.0 |   151
               +---------+---------+-------+---------+---------+-------+---------
